 Dungeon Sprint DCSS version 0.21-a0-417-g0adc95b (webtiles) character file.

13494 Kidiri the Fighter (level 11, -6/108 HPs)
             Began as a Green Draconian Transmuter on Nov 3, 2017.
             Was a High Priest of Wu Jian.
             Killed by divine providence
             ... invoked by a daeva
              (10 damage)
             ... in the Dungeon (Sprint I: "Red Sonja").
             The game lasted 00:21:43 (3392 turns).

Kidiri the Fighter (Green Draconian Transmuter)     Turns: 3392, Time: 00:21:44

Health: -6/108     AC:  2    Str: 14    XL:     11   Next: 76%
Magic:  23/23      EV: 29    Int: 13    God:    Wu Jian [*****.]
Gold:   1740       SH:  0    Dex: 19    Spells: 12/27 levels left

rFire    . . .     SeeInvis .     - Unarmed
rCold    . . .     Gourm    .   (shield currently unavailable)
rNeg     . . .     Faith    .   (armour unavailable)
rPois    x         Spirit   .   (helmet currently unavailable)
rElec    .         Reflect  .   (cloak currently unavailable)
rCorr    .         Harm     .   (gloves currently unavailable)
MR       .....     NoTele   +   (boots currently unavailable)
Stlth    ++........             (no amulet)
HPRegen  0.28/turn              m - ring of loudness (curse)
MPRegen  0.18/turn              (no ring)

@: spider-form, glowing, heavenly storm
A: (breathe noxious fumes), unfitting armour, AC +7
a: End Transformation, Serpent's Lash, Heavenly Storm, Renounce Religion


You were in the Dungeon.
You worshipped Wu Jian.
Wu Jian was extremely pleased with you.
You were hungry.
You were a venomous arachnid creature.
You visited 1 branch You collected 1740 gold pieces.

Inventory:

Hand Weapons
 b - a cursed -2 flail
Missiles
 a - 57 arrows
 c - 43 stones (quivered)
Jewellery
 m - a cursed ring of loudness (left front leg)
Wands
 n - a wand of clouds (2/9)
Scrolls
 i - 2 scrolls of blinking
Potions
 d - 3 potions of curing
 e - a potion of lignification {unknown}
 f - a potion of haste
 g - 2 potions of magic
 j - a potion of agility {unknown}
Books
 l - a book of Flames

   Spells                             Type                      Level
   a - Flame Tongue                   Conjuration/Fire             1
   b - Throw Flame                    Conjuration/Fire             2
   c - Conjure Flame                  Conjuration/Fire             3
   d - Inner Flame                    Hexes/Fire                   3
   e - Sticky Flame                   Conjuration/Fire             4
   f - Fireball                       Conjuration/Fire             5


   Skills:
 * Level 13.9 Fighting
 + Level 8.8 Dodging
 + Level 9.3 Stealth
 * Level 13.2 Unarmed Combat
 + Level 8.9 Spellcasting
 * Level 13.0 Transmutations
 + Level 8.4 Ice Magic
 + Level 10.6 Poison Magic


You had 12 spell levels left.
You knew the following spells:

 Your Spells              Type           Power        Failure   Level  Hunger
a - Beastly Appendage     Tmut           #####.       1%          1    None
b - Sticks to Snakes      Tmut           #####...     1%          2    None
c - Spider Form           Tmut/Pois      #####.....   2%          3    ##.....
d - Ice Form              Ice/Tmut       ####....     7%          4    ####...
e - Blade Hands           Tmut           #####.....   7%          5    #####..


Dungeon Overview and Level Annotations

Branches:
Dungeon (1/1)

Altars:
Cheibriados
Dithmenos
Elyvilon
Fedhas
Gozag
Hepliaklqana
Kikubaaqudgha
Makhleb
Nemelex Xobeh
Okawaru
Qazlal
Ru
Sif Muna
Trog
Uskayaw
Vehumet
Wu Jian
Xom
Yredelemnul
Zin
The Shining One
Jiyva
Lugonu

Shops:
D ?:([**((}[[?(%=[=

Annotations:
D exclusion: 4 doors


Innate Abilities, Weirdness & Mutations

((You can breathe blasts of noxious fumes.))
((Your lurid green scales are hard. (AC +7)))
You cannot fit into any form of body armour.
((Your system is resistant to poisons. (rPois)))
((You are cold-blooded and may be slowed by cold attacks.))


Message History

You bite the unseen horror!
The unseen horror looks as sick as possible!
The unseen horror is heavily wounded.
The unseen horror completely misses you.
The unseen horror hits you!
* * * LOW HITPOINT WARNING * * *
The unseen horror misses you.
Unknown command.
The unseen horror hits you!
* * * LOW HITPOINT WARNING * * *
The unseen horror misses you.
Unknown command.
You spin and attack the unseen horror.
You maul the unseen horror!!
You kill the unseen horror!
The Council accepts your kill.
Your Transmutations skill increases to level 13!
The unseen horror completely misses you.
The daeva calls down the wrath of the Shining One upon you.
The Shining One smites you!
You die...

#######################
'...#)[#§..§+§§§§§§+..#
#...##+#§####§§§§§##..+
#.§.'§§#§# ##§§§######
#####§§§§#+#$###§# $$##
#§.##+####^.$#y#s##$$$#
+§§#...^§#..$###x§###$#
#§§#^..^§+..$$$##§#A#$#
##+###...#^....#§§###$#
##.+.#§§§###++##§##..$#
.###.#§§## #§§ +###
.∩##§#..# ##..
####§##+# ##. §§##.##.#
{#


You could see a daeva and an unseen horror (invisible).

Vanquished Creatures
  A lorocyproca (D)
  A hydra (D)
  2 centaur warriors (D)
  Sonja (D)
  A deep troll (D)
  6 unseen horrors (D)
  A lindwurm (D)
  An oklob plant (D)
  A gargoyle (D)
  2 kobold demonologists (D)
  4 demonic crawlers (D)
  A hornet (D)
  A slime creature (D)
  2 redbacks (D)
  Sigmund (D)
  A yak (D)
  13 hogs (D)
  3 floating eyes (D)
  An ogre (D)
  7 necrophages (D)
  8 jellies (D)
  Ijyb (D)
  4 ballistomycetes (D)
  A ballistomycete spore (D)
65 creatures vanquished.

Vanquished Creatures (others)
  A gargoyle (D)
  A ballistomycete spore (D)
2 creatures vanquished.

Grand Total: 67 creatures vanquished

Notes
Turn   | Place    | Note
-------+----------+-------------------------------------------
     0 | D        | Kidiri the Draconian Transmuter began the quest for the Orb.
     0 | D        | Reached XP level 1. HP: 16/16 MP: 3/3
     3 | D        | Noticed Ijyb
    15 | D        | Killed Ijyb
    15 | D        | Reached skill level 1 in Stealth
    15 | D        | Reached XP level 2. HP: 15/26 MP: 2/5
   198 | D        | Learned a level 2 spell: Sticks to Snakes
   204 | D        | Noticed an ogre
   217 | D        | Killed an ogre
   217 | D        | Reached skill level 5 in Unarmed Combat
   217 | D        | Reached XP level 3. HP: 11/34 MP: 1/7
   217 | D        | Reached XP level 4. HP: 13/41 MP: 1/9
   431 | D        | Learned a level 3 spell: Spider Form
   436 | D        | Noticed Sigmund
   444 | D        | Killed Sigmund
   444 | D        | Reached XP level 5. HP: 23/50 MP: 7/11
   469 | D        | Killed a gargoyle
   483 | D        | Learned a level 4 spell: Ice Form
   612 | D        | Found a deep blue altar of Sif Muna.
   613 | D        | Found an ornate altar of the Wu Jian Council.
   614 | D        | Found a radiant altar of Vehumet.
   617 | D        | Became a worshipper of the Wu Jian Council
   621 | D        | Reached XP level 6. HP: 51/58 MP: 9/12
   759 | D        | Found Jimiufol's Book Emporium.
   759 | D        | Found an ancient bone altar of Kikubaaqudgha.
   759 | D        | Found a hazy altar of Hepliaklqana.
   759 | D        | Found a stormy altar of Qazlal.
   759 | D        | Found a hide-covered altar of Uskayaw.
   759 | D        | Found a blossoming altar of Fedhas.
   759 | D        | Found a bloodstained altar of Trog.
   759 | D        | Found an iron altar of Okawaru.
   759 | D        | Found a basalt altar of Yredelemnul.
   759 | D        | Found a glowing golden altar of the Shining One.
   759 | D        | Found a snail-covered altar of Cheibriados.
   759 | D        | Found a sacrificial altar of Ru.
   759 | D        | Found a glowing silver altar of Zin.
   759 | D        | Found a shadowy altar of Dithmenos.
   759 | D        | Found a white marble altar of Elyvilon.
   759 | D        | Noticed a yak
   770 | D        | Killed a yak
   770 | D        | Reached skill level 1 in Ice Magic
   772 | D        | Found an opulent altar of Gozag.
   773 | D        | Found a sparkling altar of Nemelex Xobeh.
   926 | D        | Found a burning altar of Makhleb.
   926 | D        | Found a viscous altar of Jiyva.
   926 | D        | Found a shimmering altar of Xom.
   926 | D        | Found a corrupted altar of Lugonu.
   926 | D        | Noticed a slime creature
   932 | D        | Killed a slime creature
   932 | D        | Reached * piety under Wu Jian
   932 | D        | Your scales start taking on a lurid green colour.
   932 | D        | Reached XP level 7. HP: 52/67 MP: 8/14
   932 | D        | Gained mutation: Your system is resistant to poisons. (rPois) [Green Draconian growth]
  1055 | D        | Learned a level 5 spell: Blade Hands
  1058 | D        | Noticed a kobold demonologist
  1059 | D        | Noticed a kobold demonologist
  1061 | D        | Reached skill level 5 in Dodging
  1061 | D        | Reached skill level 5 in Spellcasting
  1065 | D        | Killed a kobold demonologist
  1065 | D        | Reached skill level 5 in Stealth
  1065 | D        | Reached skill level 5 in Poison Magic
  1066 | D        | Killed a kobold demonologist
  1066 | D        | Reached ** piety under Wu Jian
  1066 | D        | Reached XP level 8. HP: 78/78 MP: 10/16
  1115 | D        | Noticed a centaur warrior
  1116 | D        | Noticed a centaur warrior
  1121 | D        | Noticed a hornet
  1127 | D        | Killed a hornet
  1129 | D        | Killed a centaur warrior
  1129 | D        | Reached XP level 9. HP: 33/85 MP: 3/18
  1139 | D        | Killed a centaur warrior
  1139 | D        | Reached skill level 10 in Fighting
  1139 | D        | Reached skill level 10 in Unarmed Combat
  1139 | D        | Reached skill level 5 in Ice Magic
  1193 | D        | Noticed a deep troll
  1199 | D        | Killed a deep troll
  1199 | D        | Reached *** piety under Wu Jian
  1199 | D        | Reached skill level 10 in Transmutations
  1221 | D        | Found Erae's Armour Emporium.
  1444 | D        | Noticed an oklob plant
  1445 | D        | Killed an oklob plant
  1478 | D        | Reached **** piety under Wu Jian
  1535 | D        | Reached XP level 10. HP: 96/96 MP: 14/20
  1544 | D        | Reached ***** piety under Wu Jian
  1588 | D        | Found Deicon's Antique Armour Shoppe.
  1588 | D        | Found Enimoc's Antique Weapon Shop.
  1588 | D        | Found Ammefroiq's General Store.
  1590 | D        | Found Imynist's Assorted Antiques.
  1590 | D        | Found Jatucis's Weapon Shop.
  1590 | D        | Found Hihisaokli's Antique Weapon Shoppe.
  1590 | D        | Found Xusixkamp's Gadget Boutique.
  1590 | D        | Found Gagrifits's Armour Emporium.
  1590 | D        | Found Qaz Quel's Antique Armour Shop.
  1590 | D        | Found Imurupt's Magic Scroll Shoppe.
  1594 | D        | Found Ocruminu's Weapon Boutique.
  1595 | D        | Found Xanaghie's Jewellery Emporium.
  1595 | D        | Found Tunu's Food Boutique.
  1596 | D        | Found Lyegec's Jewellery Emporium.
  1833 | D        | Noticed an unseen horror
  1835 | D        | Killed an unseen horror
  1837 | D        | Noticed an unseen horror
  1838 | D        | Killed an unseen horror
  1933 | D        | Noticed Sonja
  1936 | D        | Killed Sonja
  1950 | D        | Found Tyfrirho's Magic Scroll Boutique.
  2507 | D        | Noticed a gargoyle
  2510 | D        | Killed a gargoyle
  2543 | D        | Noticed a lorocyproca
  2548 | D        | HP: 3/100 [lorocyproca (16)]
  2550 | D        | Killed a lorocyproca
  2550 | D        | Reached XP level 11. HP: 4/106 MP: 0/23
  2937 | D        | Noticed a lindwurm
  2940 | D        | Killed a lindwurm
  2978 | D        | Reached skill level 10 in Poison Magic
  3169 | D        | Noticed a 12-headed hydra
  3171 | D        | Killed a 12-headed hydra
  3363 | D        | Noticed a daeva
  3367 | D        | Noticed an unseen horror
  3369 | D        | Noticed an unseen horror
  3369 | D        | Noticed an unseen horror
  3374 | D        | Killed an unseen horror
  3377 | D        | Killed an unseen horror
  3380 | D        | Killed an unseen horror
  3389 | D        | Noticed an unseen horror
  3390 | D        | Noticed an unseen horror
  3391 | D        | HP: 4/108 [unseen horror (7)]
  3392 | D        | Killed an unseen horror
  3392 | D        | Killed from afar by a daeva

Vault maps used:
D:        dungeon_sprint_1

Skill      XL: |  1  2  3  4  5  6  7  8  9 10 11 |
---------------+----------------------------------+-----
Fighting       | 3 4 6 7 9 11 12 13 | 13.9
Dodging        | 2 3 4 5 6 8 |  8.8
Stealth        | 1 2 3 4 5 6 7 8 9 |  9.3
Unarmed Combat | 4 5 6 7 8 9 10 12 13 | 13.2
Transmutations | 3 4 6 7 8 9 10 12 13 | 13.0
Spellcasting   | 3 4 5 6 7 8 |  8.9
Poison Magic   | 2 4 5 6 7 9 10 | 10.6
Ice Magic      | 2 3 4 6 7 8 |  8.4

Action                   |  1- 3 |  4- 6 |  7- 9 | 10-12 || total
-------------------------+-------+-------+-------+-------++-------
Melee: Unarmed           |    17 |    23 |    24 |   122 ||   186
       Kick              |     5 |       |       |       ||     5
       Tailslap          |     1 |       |     1 |     8 ||    10
       Punch             |       |       |     1 |     3 ||     4
 Cast: Beastly Appendage |     2 |       |       |       ||     2
       Sticks to Snakes  |     2 |       |       |       ||     2
       Spider Form       |       |     3 |       |     1 ||     4
       Ice Form          |       |     1 |       |     2 ||     3
       Blade Hands       |       |       |     7 |     6 ||    13
Invok: Heavenly Storm    |       |       |       |     4 ||     4
       Serpent's Lash    |       |       |       |     3 ||     3
 Abil: Breathe Noxious F |       |       |     2 |     1 ||     3
       End Transformatio |       |       |     1 |       ||     1
  Use: Potion            |     1 |       |     1 |     1 ||     3
 Stab: Sleeping          |       |     3 |     6 |     7 ||    16
       Confused          |       |       |     1 |       ||     1
  Eat: Bread ration      |       |       |     1 |     1 ||     2
       Fruit             |       |       |       |     2 ||     2
       Chunk             |       |       |       |     3 ||     3
Armor: Skin              |     1 |     1 |     6 |     8 ||    16
Dodge: Dodged            |     7 |     7 |    19 |    74 ||   107

Table legend:
 A = Spawn XP
 B = Non-spawn XP
 C = Spawn XP percentage of total XP
 D = Spawn monster count
 E = Non-spawn monster count
 F = Spawn count percentage of total count
 G = Total turns spent on level
                    A         B        C        D         E        F      G
               +---------+---------+-------+---------+---------+-------+---------
         Total |       0 |   19278 |   0.0 |       0 |      60 |   0.0 |  3392
               +---------+---------+-------+---------+---------+-------+---------
             D |       0 |   19278 |   0.0 |       0 |      60 |   0.0 |  3392
               +---------+---------+-------+---------+---------+-------+---------
